TOP OF THE 1ST |
California State University at Fullerton Titans batting - Pitching for University of Georgia Bulldogs : LHP Allan Bodkin
|
Pitching: LHP Allan Bodkin
|
|
Batting: LHB Steve Lane
|
0-0: Called Strike 0-1: Called Strike 0-2: Ball 1-2: Strikes out swinging
|
Batting: RHB Alex Freyre
|
0-0: Called Strike 0-1: Fly out, F8 (Flyball, 8LXD, EV 77.5 MPH)
|
Batting: RHB Zach Warwick
|
0-0: Ground out 5-3 (Groundball, 56S, EV 82.5 MPH)
|
Top of the 1st over - 0 runs, 0 hits, 0 errors, 0 left on base; California State University at Fullerton 0 - University of Georgia 0 |
BOTTOM OF THE 1ST |
University of Georgia Bulldogs batting - Pitching for California State University at Fullerton Titans : RHP Mick Chesney
|
Pitching: RHP Mick Chesney
|
|
Batting: RHB Justin Szymczyk
|
0-0: Foul Ball, location: 2F 0-1: Ball 1-1: Ground out 5-3 (Groundball, 56S, EV 71.2 MPH)
|
Batting: RHB Pat Svenson
|
0-0: Called Strike 0-1: Foul Ball, location: 2F 0-2: Strikes out looking
|
Batting: LHB Andy Dyer
|
0-0: Foul Ball, location: 2F 0-1: Ball 1-1: Fly out, F7 (Flyball, 7, EV 85.0 MPH)
|
Bottom of the 1st over - 0 runs, 0 hits, 0 errors, 0 left on base; California State University at Fullerton 0 - University of Georgia 0 |
TOP OF THE 2ND |
California State University at Fullerton Titans batting - Pitching for University of Georgia Bulldogs : LHP Allan Bodkin
|
Batting: RHB Simon Sultzbach
|
0-0: Called Strike 0-1: Foul Ball, location: 2F 0-2: Ball 1-2: Ball 2-2: Foul Ball, location: 2F 2-2: Foul Ball, location: 2F 2-2: Fly out, F3 (Popup, 23F, EV 86.2 MPH)
|
Batting: LHB John Blumberg
|
0-0: Swinging Strike 0-1: Swinging Strike 0-2: Foul Ball, location: 2F 0-2: Foul Ball, location: 2F 0-2: Ball 1-2: Ball 2-2: Ground out 1-3 (Groundball, 15S, EV 63.8 MPH)
|
Batting: LHB B.J. Ferguson
|
0-0: Ball 1-0: SINGLE (Line Drive, 9S, EV 111.2 MPH)
|
Batting: RHB Jeremy Evans
|
0-0: Swinging Strike 0-1: Called Strike 0-2: Ball 1-2: Ball 2-2: Foul Ball, location: 2F 2-2: Strikes out swinging
|
Top of the 2nd over - 0 runs, 1 hit, 0 errors, 1 left on base; California State University at Fullerton 0 - University of Georgia 0 |
BOTTOM OF THE 2ND |
University of Georgia Bulldogs batting - Pitching for California State University at Fullerton Titans : RHP Mick Chesney
|
Batting: RHB Rodolfo Solis
|
0-0: Ball 1-0: Called Strike 1-1: Foul Ball, location: 2F 1-2: Ball 2-2: Ball 3-2: Foul Ball, location: 2F 3-2: Foul Ball, location: 2F 3-2: Ground out U3 (Groundball, 34, EV 87.5 MPH)
|
Batting: LHB Bryan Ross
|
0-0: Ball 1-0: Foul Ball, location: 2F 1-1: Reached on error, E6 (Groundball, 6, EV 90.6 MPH)
|
Batting: LHB Luis Mejia
|
0-0: Ball 1-0: Foul Ball, location: 2F 1-1: Ball 2-1: Ball 3-1: Swinging Strike 3-2: SINGLE (Groundball, 34D, EV 107.5 MPH) Bryan Ross to second Bryan Ross to third
|
Batting: RHB Ed Howard
|
0-0: Called Strike 0-1: Fly out, F9 (Flyball, 9, EV 94.4 MPH) Runner from 3rd tags up, SCORES, throw by RF
|
Batting: LHB Edwin Zavala
|
0-0: Called Strike 0-1: Ball 1-1: Ball 2-1: Called Strike 2-2: Ball 3-2: Strikes out swinging
|
Bottom of the 2nd over - 1 run, 1 hit, 1 error, 1 left on base; California State University at Fullerton 0 - University of Georgia 1 |
TOP OF THE 3RD |
California State University at Fullerton Titans batting - Pitching for University of Georgia Bulldogs : LHP Allan Bodkin
|
Batting: LHB Kris Zimbalist
|
0-0: Swinging Strike 0-1: Ball 1-1: Swinging Strike 1-2: Strikes out swinging
|
Batting: RHB Sergio Cervantes
|
0-0: Ball 1-0: Fly out, F8 (Flyball, 8LM, EV 85.6 MPH)
|
Batting: LHB Steve Lane
|
0-0: Called Strike 0-1: Swinging Strike 0-2: Strikes out swinging
|
Top of the 3rd over - 0 runs, 0 hits, 0 errors, 0 left on base; California State University at Fullerton 0 - University of Georgia 1 |
BOTTOM OF THE 3RD |
University of Georgia Bulldogs batting - Pitching for California State University at Fullerton Titans : RHP Mick Chesney
|
Batting: RHB James Warby
|
0-0: Ball 1-0: Swinging Strike 1-1: Swinging Strike 1-2: Ball 2-2: Foul Ball, location: 2F 2-2: Strikes out looking
|
Batting: RHB Justin Szymczyk
|
0-0: Called Strike 0-1: Ball 1-1: Swinging Strike 1-2: Foul Ball, location: 2F 1-2: Ground out 5-3 (Groundball, 56, EV 83.8 MPH)
|
Batting: RHB Pat Svenson
|
0-0: Called Strike 0-1: Swinging Strike 0-2: Strikes out swinging
|
Bottom of the 3rd over - 0 runs, 0 hits, 0 errors, 0 left on base; California State University at Fullerton 0 - University of Georgia 1 |
TOP OF THE 4TH |
California State University at Fullerton Titans batting - Pitching for University of Georgia Bulldogs : LHP Allan Bodkin
|
Batting: RHB Alex Freyre
|
0-0: Called Strike 0-1: Fly out, F7 (Flyball, 7, EV 89.4 MPH)
|
Batting: RHB Zach Warwick
|
0-0: Ground out 5-3 (Groundball, 56, EV 78.8 MPH)
|
Batting: RHB Simon Sultzbach
|
0-0: Ball 1-0: Foul Ball, location: 2F 1-1: Called Strike 1-2: Strikes out looking
|
Top of the 4th over - 0 runs, 0 hits, 0 errors, 0 left on base; California State University at Fullerton 0 - University of Georgia 1 |
BOTTOM OF THE 4TH |
University of Georgia Bulldogs batting - Pitching for California State University at Fullerton Titans : RHP Mick Chesney
|
Batting: LHB Andy Dyer
|
0-0: Called Strike 0-1: Ground out 6-3 (Groundball, 6, EV 78.1 MPH)
|
Batting: RHB Rodolfo Solis
|
0-0: Fly out, F7 (Flyball, 78M, EV 88.1 MPH)
|
Batting: LHB Bryan Ross
|
0-0: Ball 1-0: Ground out 4-3 (Groundball, 4, EV 85.0 MPH)
|
Bottom of the 4th over - 0 runs, 0 hits, 0 errors, 0 left on base; California State University at Fullerton 0 - University of Georgia 1 |
TOP OF THE 5TH |
California State University at Fullerton Titans batting - Pitching for University of Georgia Bulldogs : LHP Allan Bodkin
|
Batting: LHB John Blumberg
|
0-0: Ball 1-0: Ball 2-0: Foul Ball, location: 2F 2-1: Foul Ball, location: 2F 2-2: Ball 3-2: Ground out 4-3 (Groundball, 4, EV 91.9 MPH)
|
Batting: LHB B.J. Ferguson
|
0-0: Ball 1-0: Ground out 4-3 (Groundball, 34, EV 78.1 MPH)
|
Batting: RHB Jeremy Evans
|
0-0: Ball 1-0: Ball 2-0: Foul Ball, location: 2F 2-1: Called Strike 2-2: Strikes out swinging
|
Top of the 5th over - 0 runs, 0 hits, 0 errors, 0 left on base; California State University at Fullerton 0 - University of Georgia 1 |
BOTTOM OF THE 5TH |
University of Georgia Bulldogs batting - Pitching for California State University at Fullerton Titans : RHP Mick Chesney
|
Batting: LHB Luis Mejia
|
0-0: Fly out, F9 (Flyball, 89D, EV 100.6 MPH)
|
Batting: RHB Ed Howard
|
0-0: SINGLE (Groundball, 6, EV 107.5 MPH)
|
Batting: LHB Edwin Zavala
|
0-0: Ball 1-0: Swinging Strike 1-1: Foul Ball, location: 2F 1-2: Strikes out swinging
|
Batting: RHB James Warby
|
0-0: Ball 1-0: Ball 2-0: Ball 3-0: Called Strike 3-1: Swinging Strike 3-2: Strikes out swinging
|
Bottom of the 5th over - 0 runs, 1 hit, 0 errors, 1 left on base; California State University at Fullerton 0 - University of Georgia 1 |
TOP OF THE 6TH |
California State University at Fullerton Titans batting - Pitching for University of Georgia Bulldogs : LHP Allan Bodkin
|
Batting: LHB Kris Zimbalist
|
0-0: Called Strike 0-1: Swinging Strike 0-2: Strikes out swinging
|
Batting: RHB Sergio Cervantes
|
0-0: Ball 1-0: Foul Ball, location: 2F 1-1: Ball 2-1: Ball 3-1: Called Strike 3-2: Ground out 5-3 (Groundball, 5L, EV 87.5 MPH)
|
Batting: LHB Steve Lane
|
0-0: Ball 1-0: Foul Ball, location: 2F 1-1: Foul Ball, location: 2F 1-2: SINGLE (Groundball, 4MD, EV 109.4 MPH) (infield hit)
|
Batting: RHB Alex Freyre
|
0-0: Called Strike 0-1: Ball 1-1: Swinging Strike 1-2: Ball 2-2: Foul Ball, location: 2F 2-2: Strikes out swinging
|
Top of the 6th over - 0 runs, 1 hit, 0 errors, 1 left on base; California State University at Fullerton 0 - University of Georgia 1 |
BOTTOM OF THE 6TH |
University of Georgia Bulldogs batting - Pitching for California State University at Fullerton Titans : RHP Mick Chesney
|
Pitching: RHP John Case
|
|
Batting: RHB Justin Szymczyk
|
0-0: Ball 1-0: Fly out, F8 (Flyball, 8RD, EV 91.9 MPH)
|
Batting: RHB Pat Svenson
|
0-0: Ground out U3 (Groundball, 3, EV 98.8 MPH)
|
Batting: LHB Andy Dyer
|
0-0: Swinging Strike 0-1: SOLO HOME RUN (Flyball, 9D, EV 95.0 MPH), Distance : 356 ft
|
Batting: RHB Rodolfo Solis
|
0-0: Ball 1-0: Called Strike 1-1: Ball 2-1: Called Strike 2-2: SINGLE (Line Drive, 78S, EV 95.0 MPH)
|
Batting: LHB Bryan Ross
|
0-0: Ball 1-0: Ball 2-0: Called Strike 2-1: Ball 3-1: Base on Balls Rodolfo Solis to second
|
Batting: LHB Luis Mejia
|
0-0: Called Strike 0-1: Called Strike 0-2: Strikes out swinging
|
Bottom of the 6th over - 1 run, 2 hits, 0 errors, 2 left on base; California State University at Fullerton 0 - University of Georgia 2 |
TOP OF THE 7TH |
California State University at Fullerton Titans batting - Pitching for University of Georgia Bulldogs : LHP Allan Bodkin
|
Pitching: RHP Li-zhu Liu
|
|
Batting: RHB Zach Warwick
|
0-0: Foul Ball, location: 2F 0-1: DOUBLE (Line Drive, 89M, EV 102.5 MPH)
|
Batting: RHB Joe McKinzie
|
0-0: Ground out 6-3 (Groundball, 6, EV 96.9 MPH)
|
Batting: LHB John Blumberg
|
0-0: Called Strike Zach Warwick is caught stealing 3rd base 2-5 0-1: Ball 1-1: Fly out, F7 (Flyball, 7LD, EV 82.5 MPH)
|
Top of the 7th over - 0 runs, 1 hit, 0 errors, 0 left on base; California State University at Fullerton 0 - University of Georgia 2 |
BOTTOM OF THE 7TH |
University of Georgia Bulldogs batting - Pitching for California State University at Fullerton Titans : RHP John Case
|
Pitching: RHP Patrick Wilcox
|
|
Batting: RHB Ed Howard
|
0-0: Ball 1-0: Called Strike 1-1: Ball 2-1: Ground out 5-3 (Groundball, 5, EV 78.8 MPH)
|
Batting: LHB Edwin Zavala
|
0-0: Ball 1-0: Called Strike 1-1: Ball 2-1: Ball 3-1: Fly out, F3 (Popup, 3SF, EV 70.0 MPH)
|
Batting: RHB James Warby
|
0-0: Called Strike 0-1: Ball 1-1: Swinging Strike 1-2: Ball 2-2: Ground out 6-3 (Groundball, 6, EV 83.1 MPH)
|
Bottom of the 7th over - 0 runs, 0 hits, 0 errors, 0 left on base; California State University at Fullerton 0 - University of Georgia 2 |
TOP OF THE 8TH |
California State University at Fullerton Titans batting - Pitching for University of Georgia Bulldogs : RHP Li-zhu Liu
|
Pitching: RHP Alex Vasquez
|
|
Batting: LHB B.J. Ferguson
|
0-0: Swinging Strike 0-1: Called Strike 0-2: Strikes out looking
|
Pinch Hitting: RHB Justin Thomas
|
0-0: Called Strike 0-1: Hit by Pitch
|
Batting: LHB Kris Zimbalist
|
0-0: Ball 1-0: Ball 2-0: Ball 3-0: Called Strike 3-1: Base on Balls Justin Thomas to second
|
Batting: RHB Sergio Cervantes
|
0-0: Called Strike 0-1: Ball 1-1: Ball 2-1: Grounds into double play, 6-4-3 (Groundball, 6, EV 109.4 MPH)
|
Top of the 8th over - 0 runs, 0 hits, 0 errors, 1 left on base; California State University at Fullerton 0 - University of Georgia 2 |
BOTTOM OF THE 8TH |
University of Georgia Bulldogs batting - Pitching for California State University at Fullerton Titans : RHP Patrick Wilcox
|
Pitching: RHP Jaime Zapata
|
|
Now at 3B: Mike Lauritsen
|
|
Batting: RHB Justin Szymczyk
|
0-0: Called Strike 0-1: Hit by Pitch
|
Batting: RHB Pat Svenson
|
0-0: Bunted foul 0-1: Ball 1-1: Ball Justin Szymczyk is caught stealing 2nd base 2-4 2-1: Foul Ball, location: 2F 2-2: Ball 3-2: Foul Ball, location: 2F 3-2: SINGLE (Groundball, 56D, EV 109.4 MPH)
|
Batting: LHB Andy Dyer
|
0-0: Ball 1-0: Foul Ball, location: 2F 1-1: Foul Ball, location: 2F 1-2: Fielders Choice at 2nd, 5-4 (Groundball, 56, EV 100.0 MPH)
|
Batting: RHB Rodolfo Solis
|
0-0: DOUBLE (Line Drive, 9LM, EV 100.6 MPH) Andy Dyer to third
|
Batting: LHB Bryan Ross
|
0-0: Ball 1-0: Swinging Strike 1-1: DOUBLE (Line Drive, 89XD, EV 104.4 MPH) Andy Dyer scores Rodolfo Solis scores
|
Batting: LHB Luis Mejia
|
0-0: Ball 1-0: Called Strike 1-1: Ball 2-1: Ball 3-1: Base on Balls
|
Batting: RHB Ed Howard
|
0-0: Ball 1-0: DOUBLE (Flyball, 8LXD, EV 88.8 MPH) Bryan Ross scores Luis Mejia to third Runner from 3rd tries for Home, SAFE, no throw by CF
|
Pitching: LHP Hugo Alba
|
|
Batting: LHB Edwin Zavala
|
0-0: Called Strike 0-1: Ball 1-1: Ball 2-1: Ball 3-1: Foul Ball, location: 2F 3-2: Base on Balls
|
Batting: RHB James Warby
|
0-0: Swinging Strike 0-1: Ball 1-1: Ball 2-1: Foul Ball, location: 2F 2-2: Strikes out swinging
|
Bottom of the 8th over - 4 runs, 4 hits, 0 errors, 2 left on base; California State University at Fullerton 0 - University of Georgia 6 |
TOP OF THE 9TH |
California State University at Fullerton Titans batting - Pitching for University of Georgia Bulldogs : RHP Alex Vasquez
|
Batting: LHB Steve Lane
|
0-0: Called Strike 0-1: Foul Ball, location: 2F 0-2: Strikes out swinging
|
Batting: RHB Alex Freyre
|
0-0: Ball 1-0: Foul Ball, location: 2F 1-1: Swinging Strike 1-2: Foul Ball, location: 2F 1-2: Foul Ball, location: 2F 1-2: Ball 2-2: Ground out 4-3 (Groundball, 4, EV 86.2 MPH)
|
Pinch Hitting: SHB John Loechel
|
0-0: Called Strike 0-1: Called Strike 0-2: Ball 1-2: Ball 2-2: Strikes out looking
|
Top of the 9th over - 0 runs, 0 hits, 0 errors, 0 left on base; California State University at Fullerton 0 - University of Georgia 6 |
|